 Dungeon Crawl Stone Soup version 0.23-a0-171-g5ae17c6 (webtiles) character file.

23225 grindst0ne the Slicer (level 13, -3/126 HPs)
             Began as a Kobold Berserker on Sept 12, 2018.
             Was a High Priest of Trog.
             Splashed by an oklob plant's acid (15 damage)
             ... on level 1 of the Lair of Beasts.
             The game lasted 00:27:45 (14499 turns).

grindst0ne the Slicer (Kobold Berserker)           Turns: 14499, Time: 00:27:46

Health: -3/126     AC:  9    Str: 20    XL:     13   Next: 33%
Magic:  22/22      EV: 23    Int: 12    God:    Trog [*****.]
Gold:   998        SH:  0    Dex: 15    Spells: 12/12 levels left

rFire    . . .     SeeInvis .   u - +0 dagger (venom)
rCold    . . .     Gourm    .   (shield restricted)
rNeg     . . .     Faith    +   E - quicksilver dragon scales
rPois    .         Spirit   .   t - +2 helmet
rElec    .         Reflect  .   (no cloak)
rCorr    .         Harm     .   (no gloves)
MR       +++..                  f - +0 pair of boots
Stlth    ..........             z - amulet of faith
HPRegen  1.31/turn              (no ring)
MPRegen  0.18/turn              x - +1 ring of slaying

@: berserking, corroded, regenerating, very quick
A: small, carnivore
a: Berserk, Trog's Hand, Brothers in Arms, Renounce Religion


You were on level 1 of the Lair of Beasts.
You worshipped Trog.
Trog was extremely pleased with you.
You were very full.

You visited 2 branches of the dungeon, and saw 13 of its levels.
You visited the Abyss 1 time.

You collected 1068 gold pieces.
You spent 70 gold pieces at shops.

Inventory:

Hand Weapons
 a - a +0 short sword
 u - a +0 dagger of venom (weapon)
Missiles
 F - 4 throwing nets (quivered)
Armour
 f - a +0 pair of boots (worn)
 t - a +2 helmet (worn)
 y - the +1 chain mail "Jubrat" {rC+}
   (You found it on level 9 of the Dungeon)

   It protects you from cold.
 E - quicksilver dragon scales (worn)
Jewellery
 k - an uncursed amulet of guardian spirit
 x - a +1 ring of slaying (right hand)
 z - an amulet of faith (around neck)
Wands
 b - a wand of polymorph (8)
 g - a wand of enslavement (13)
 p - a wand of acid (1)
 v - a wand of flame (11)
Scrolls
 d - 3 scrolls of fog
 e - 7 scrolls of enchant weapon
 h - 5 scrolls of fear
 j - 4 scrolls of enchant armour {unknown}
 o - 6 scrolls of teleportation
 r - 3 scrolls of remove curse
 s - 6 scrolls of amnesia
 w - 2 scrolls of magic mapping
 A - a scroll of immolation
 C - 5 scrolls of blinking
Potions
 i - a potion of mutation
 l - 4 potions of curing
 m - 7 potions of lignification
 n - a potion of magic
 q - 3 potions of agility
 B - a potion of flight {unknown}
Miscellaneous
 G - a sack of spiders
Comestibles
 c - 26 rations


   Skills:
 - Level 11.3 Fighting
 - Level 14.0 Short Blades
 - Level 1.5 Armour
 * Level 13.2 Dodging
 * Level 13.0 Evocations


You had 12 spell levels left.
You didn't know any spells.
Your spell library was empty.

Dungeon Overview and Level Annotations

Branches:
Dungeon (12/15)            Temple (0/1) D:6            Lair (1/6) D:10
    Orc (0/2) D:12

Altars:
Cheibriados
Dithmenos
Elyvilon
Gozag
Hepliaklqana
Okawaru
Ru
Sif Muna
Uskayaw
Vehumet
Wu Jian
Zin
The Shining One

Shops:
D:11 *

Annotations:
D:2 exclusion: downstairs
D:5 3 runed doors, TheNamelessOne's ghost, novice DgIE
Lair:1 exclusion: oklob plant


Innate Abilities, Weirdness & Mutations

You are small and have problems with some larger weapons.
You are carnivorous and can eat meat at any time.


Message History

The oklob plant is heavily damaged.
You hit the oklob plant.
The oklob plant is heavily damaged.
You are too berserk!
You hit the oklob plant but do no damage.
The oklob plant is severely damaged.
You hit the oklob plant.
The oklob plant is severely damaged.
You hit the oklob plant but do no damage.
The oklob plant looks as sick as possible!
The oklob plant is severely damaged.
You hit the oklob plant.
The oklob plant is severely damaged.
You hit the oklob plant but do no damage.
The oklob plant is severely damaged.
The oklob plant spits acid at you. The splash of acid hits you!
* * * LOW HITPOINT WARNING * * *
The acid corrodes you!
You are splashed with acid!
The acid burns!
You die...

#..............
#............[.
#.............####.
#.............#....
##)###........#....
##'###........#..[.
#...##........#....
##...##.)......#....
#..@..#........#....
#..P..#........#####
#P....#.............
##...##.............
#...#########.#####
##### ###


You could see an oklob plant.

Vanquished Creatures
  Gastronok (Lair:1)
  Harold (D:11)
  Erolcha (D:11)
  7 two-headed ogres
  Nergalle (D:10)
  Pikel (D:7)
  3 ugly things
  A black mamba (Lair:1)
  Psyche (D:10)
  2 centaur skeletons (D:11)
  2 spiny frogs (Lair:1)
  A rime drake (Lair:1)
  3 trolls
  A queen bee (D:12)
  3 hippogriffs
  A slime creature (D:11)
  5 yaks
  A wyvern (D:11)
  A hungry ghost (D:10)
  2 vampire mosquitoes (D:12)
  Edmund (D:4)
  Menkaure (D:4)
  A two-headed ogre zombie (D:11)
  2 water moccasins
  A porcupine (Lair:1)
  6 orc warriors
  A black bear (Lair:1)
  4 phantoms
  A slave (D:7)
  18 ogres
  4 sky beasts
  An ice beast (D:10)
  8 centaurs
  2 crocodiles (Lair:1)
  2 big kobolds
  7 bullfrogs
  A wyvern zombie (D:11)
  A gnoll sergeant (D:8)
  4 scorpions
  15 killer bees
  A howler monkey (D:6)
  7 wights
  3 crimson imps
  5 bullfrog zombies
  3 hounds
  13 jellies
  2 bullfrog skeletons
  10 orc priests
  3 iguanas
  Ijyb (D:4)
  11 orc wizards
  8 worker ants
  An ogre zombie (D:11)
  A hound zombie (D:7)
  A hound skeleton (D:9)
  4 gnolls (D:8)
  12 adders
  A shadow imp (D:5)
  21 oozes
  2 adder skeletons (D:5)
  A worm (D:5)
  A dart slug (D:4)
  3 leopard geckos
  73 orcs
  2 giant cockroaches
  4 goblins
  6 hobgoblins
  5 jackals
  3 quokkas
  6 bats
  5 frilled lizards
  A jackal skeleton (D:5)
  14 kobolds
  9 rats
363 creatures vanquished.

Vanquished Creatures (collateral kills)
  5 yaks (Lair:1)
5 creatures vanquished.

Vanquished Creatures (others)
  A slave (D:7)
  A howler monkey (D:7)
  4 fungi (Lair:1)
  4 plants (D:12)
10 creatures vanquished.

Grand Total: 378 creatures vanquished

Notes
Turn   | Place    | Note
-------+----------+-------------------------------------------
     0 | D:1      | grindst0ne the Kobold Berserker began the quest for the
                  | Orb.
     0 | D:1      | Reached XP level 1. HP: 14/14 MP: 1/1
   122 | D:1      | Reached XP level 2. HP: 16/19 MP: 2/2
   669 | D:2      | Reached XP level 3. HP: 24/24 MP: 3/3
   755 | D:2      | Reached skill level 5 in Short Blades
   962 | D:2      | Reached ** piety under Trog
  1088 | D:2      | Reached XP level 4. HP: 29/29 MP: 4/4
  1128 | D:2      | Found a hazy altar of Hepliaklqana.
  1720 | D:3      | Reached XP level 5. HP: 4/34 MP: 5/5
  2176 | D:3      | Found an ornate altar of the Wu Jian Council.
  2214 | D:4      | Noticed a phantom
  2225 | D:4      | Killed a phantom
  2225 | D:4      | Reached skill level 5 in Fighting
  2225 | D:4      | Reached skill level 6 in Short Blades
  2225 | D:4      | Reached XP level 6. HP: 40/40 MP: 6/6
  2274 | D:4      | Found a glowing silver altar of Zin.
  2310 | D:4      | Noticed Edmund
  2328 | D:4      | Killed Edmund
  2328 | D:4      | Reached skill level 7 in Short Blades
  2377 | D:4      | Noticed Menkaure
  2381 | D:4      | Killed Menkaure
  2381 | D:4      | Reached XP level 7. HP: 47/47 MP: 7/7
  2511 | D:4      | Found a snail-covered altar of Cheibriados.
  2662 | D:4      | Noticed Ijyb
  2673 | D:4      | Killed Ijyb
  2673 | D:4      | Reached skill level 8 in Short Blades
  2908 | D:4      | Found an iron altar of Okawaru.
  3107 | D:5      | Entered Level 5 of the Dungeon
  3178 | D:5      | Reached XP level 8. HP: 53/53 MP: 8/8
  3274 | D:5      | Reached *** piety under Trog
  3274 | D:5      | Reached skill level 9 in Short Blades
  3437 | D:5      | Found a runed gate.
  3437 | D:5      | Found a runed gate.
  3437 | D:5      | Found a runed gate.
  3443 | D:5      | Noticed TheNamelessOne's ghost (novice DgIE)
  4391 | D:6      | Reached skill level 10 in Short Blades
  4769 | D:6      | Reached XP level 9. HP: 60/60 MP: 9/9
  4813 | D:6      | Found a sacrificial altar of Ru.
  4901 | D:6      | Found a staircase to the Ecumenical Temple.
  5184 | D:7      | Got a steaming plate armour
  5195 | D:7      | Identified the cursed +0 plate armour "Ytsiroiw" {Str+5}
                  | (You found it on level 7 of the Dungeon)
  5361 | D:7      | Reached skill level 11 in Short Blades
  5514 | D:7      | Reached **** piety under Trog
  5583 | D:7      | Noticed Pikel
  6004 | D:7      | Reached skill level 10 in Fighting
  6018 | D:7      | Reached skill level 12 in Short Blades
  6181 | D:7      | Killed Pikel
  6181 | D:7      | Reached XP level 10. HP: 68/68 MP: 10/10
  6569 | D:7      | Reached skill level 13 in Short Blades
  7009 | D:8      | Found a radiant altar of Vehumet.
  7163 | D:8      | Found a white marble altar of Elyvilon.
  7242 | D:8      | Reached skill level 1 in Evocations
  7304 | D:8      | Noticed a two-headed ogre
  7311 | D:8      | Killed a two-headed ogre
  7690 | D:8      | Found an opulent altar of Gozag.
  7874 | D:8      | Found a deep blue altar of Sif Muna.
  8188 | D:9      | Reached skill level 5 in Dodging
  8235 | D:9      | Reached XP level 11. HP: 43/74 MP: 9/14
  8433 | D:9      | Found a shadowy altar of Dithmenos.
  8470 | D:9      | Got a polished chain mail
  8482 | D:9      | Identified the cursed +1 chain mail "Jubrat" {rC+} (You
                  | found it on level 9 of the Dungeon)
  8666 | D:9      | Reached skill level 5 in Evocations
  8836 | D:9      | Found a glowing golden altar of the Shining One.
  8836 | D:9      | Found a hide-covered altar of Uskayaw.
  9136 | D:10     | Entered Level 10 of the Dungeon
  9249 | D:10     | Reached ***** piety under Trog
  9600 | D:10     | Noticed Psyche
  9612 | D:10     | Killed Psyche
  9652 | D:10     | Noticed Nergalle
  9668 | D:10     | Killed Nergalle
  9828 | D:10     | Reached skill level 14 in Short Blades
  9999 | D:10     | Found a staircase to the Lair.
 10255 | D:11     | Noticed Harold
 10399 | D:11     | Killed Harold
 10494 | D:11     | Noticed a cyan ugly thing
 10507 | D:11     | Killed a cyan ugly thing
 10998 | D:11     | Found Imaune's Assorted Antiques.
 11001 | D:11     | Bought a scroll labeled AJEMAN AHOFAUT for 35 gold pieces
 11001 | D:11     | Bought a scroll labeled HIR XA QYSU for 35 gold pieces
 11106 | D:11     | Noticed a cyan ugly thing
 11112 | D:11     | Killed a cyan ugly thing
 11295 | D:11     | Reached XP level 12. HP: 80/80 MP: 18/18
 11653 | D:11     | Noticed a two-headed ogre
 11653 | D:11     | Noticed a two-headed ogre
 11654 | D:11     | Noticed a two-headed ogre
 11666 | D:11     | Killed a two-headed ogre
 11666 | D:11     | Reached skill level 10 in Dodging
 11678 | D:11     | Killed a two-headed ogre
 11678 | D:11     | Reached skill level 10 in Evocations
 11687 | D:11     | Killed a two-headed ogre
 11706 | D:11     | Received a gift from Trog
 11952 | D:11     | Noticed a two-headed ogre
 11952 | D:11     | Noticed a two-headed ogre
 11953 | D:11     | Noticed Erolcha
 11954 | D:11     | Noticed a two-headed ogre
 11959 | D:11     | Cast into level 3 of the Abyss (two-headed ogre)
 11989 | Abyss:3  | Noticed a thrashing horror
 11995 | Abyss:4  | Noticed a green very ugly thing
 12015 | D:11     | Escaped the Abyss
 12018 | D:11     | Killed a two-headed ogre
 12033 | D:11     | Killed a two-headed ogre
 12042 | D:11     | Killed a two-headed ogre
 12049 | D:11     | Killed Erolcha
 13070 | D:12     | Reached XP level 13. HP: 38/84 MP: 10/22
 13291 | D:12     | Found a staircase to the Orcish Mines.
 13478 | Lair:1   | Entered Level 1 of the Lair of Beasts
 13559 | Lair:1   | Noticed Gastronok
 13585 | Lair:1   | Killed Gastronok
 14243 | Lair:1   | Received a gift from Trog
 14499 | Lair:1   | Splashed by an oklob plant's acid

Vault maps used:
D:1:      saegor_arrival_simple_a
D:2:      nicolae_overflow_hidden_temple
D:3:      lemuel_round_altar
D:4:      lemuel_crystal_altar, kennysheep_slug_shrine, kennysheep_mini,
          uniq_ijyb, uniq_menkaure, uniq_edmund
D:5:      first_ration, gammafunk_ghost_necromancy, moated_statue
D:6:      lemuel_round_altar, minmay_temple_entry_statues_pillars
D:7:      kennysheep_six_static_rooms, uniq_pikel
D:8:      vehumet_crystals, kennysheep_little_box,
          lemuel_coloured_pillars_altar, lemuel_round_altar
D:9:      gammafunk_temple_overflow_elements, old_standard_altar, special_room
D:10:     lair_entry_dummy, uniq_psyche, uniq_nergalle
D:11:     lemuel_ogre_cave, serial_shops, shop_statue,
          hangedman_little_slice_of_home, uniq_harold
D:12:     orc_0_dummy, basic_altar, nicolae_trove_entry_free_sample,
          nicolae_looking_at_the_future
Lair:1:   lemuel_slime, uniq_gastronok
Abyss:3:  evilmike_abyss_exit_plants
Abyss:4:  minivault_4, grunt_abyss_rune_wretched_hive

Skill      XL: |  1  2  3  4  5  6  7  8  9 10 11 12 13 |
---------------+----------------------------------------+-----
Fighting       | 4 5 6 7 8 10 11 | 11.3
Short Blades   | 5 6 7 8 10 12 13 14 | 14.0
Evocations     | 4 9 12 13 | 13.0
Dodging        | 5 9 12 13 | 13.2
Armour         | |  1.5

Action                   |  1- 3 |  4- 6 |  7- 9 | 10-12 | 13-15 || total
-------------------------+-------+-------+-------+-------+-------++-------
Melee: Short sword       |    72 |   139 |   345 |   526 |       ||  1082
       Dagger            |       |       |       |   540 |   302 ||   842
Invok: Berserk           |     3 |     7 |    22 |    42 |    11 ||    85
       Trog's Hand       |       |       |     1 |     2 |     5 ||     8
       Brothers in Arms  |       |       |       |       |     1 ||     1
Evoke: Wand              |       |       |       |    26 |       ||    26
  Use: Potion            |       |     2 |       |       |     1 ||     3
       Scroll            |       |       |    10 |     7 |     3 ||    20
  Eat: Chunk             |    12 |    10 |    32 |    61 |    18 ||   133
Armor: Animal skin       |     1 |       |       |       |       ||     1
       Leather armour    |     3 |       |       |       |       ||     3
       Scale mail        |     9 |    40 |    41 |       |       ||    90
       Skin              |       |     8 |       |       |       ||     8
       Quicksilver drago |       |       |    39 |   190 |    31 ||   260
Dodge: Dodged            |    41 |    62 |   121 |   576 |   158 ||   958

Table legend:
 A = Non-vault XP
 B = Vault XP
 C = Vault XP percentage of total XP
 D = Non-vault monster count
 E = Vault monster count
 F = Vault count percentage of total count
                 A         B        C        D         E       F
            +---------+---------+-------+---------+---------+-------
      Total |   16640 |   16539 |  49.8 |     270 |      97 |  26.4
            +---------+---------+-------+---------+---------+-------
        D:1 |      27 |       0 |   0.0 |      14 |       0 |   0.0
        D:2 |      46 |       0 |   0.0 |      22 |       0 |   0.0
        D:3 |      84 |       0 |   0.0 |      20 |       0 |   0.0
        D:4 |     413 |     380 |  47.9 |       9 |       4 |  30.8
        D:5 |     790 |       0 |   0.0 |      24 |       0 |   0.0
        D:6 |     695 |       0 |   0.0 |      11 |       0 |   0.0
        D:7 |    1682 |     929 |  35.6 |      30 |       5 |  14.3
        D:8 |    2072 |       0 |   0.0 |      27 |       0 |   0.0
        D:9 |     503 |     746 |  59.7 |      13 |      20 |  60.6
       D:10 |    1520 |    1204 |  44.2 |      37 |       2 |   5.1
       D:11 |    3256 |    9821 |  75.1 |      36 |      33 |  47.8
       D:12 |    1846 |     917 |  33.2 |       8 |      11 |  57.9
     Lair:1 |    3706 |    2542 |  40.7 |      19 |      22 |  53.7
            +---------+---------+-------+---------+---------+-------
